 Dungeon Crawl Stone Soup version 0.22.0-18-ge075c0d (webtiles) character file.

67 Lauz the Magician (level 3, -1/19 HPs)
             Began as a Deep Elf Wizard on Aug 18, 2018.
             Slain by a quokka (3 damage)
             ... on level 2 of the Dungeon.
             The game lasted 00:13:30 (2699 turns).

Lauz the Magician (Deep Elf Wizard)                 Turns: 2699, Time: 00:13:30

Health: -1/19      AC:  3    Str:  4    XL:     3   Next: 98%
Magic:  5/12       EV: 13    Int: 23    God:
Gold:   131        SH:  0    Dex: 13    Spells: 8/13 levels left

rFire    . . .     SeeInvis .   c - +0 dagger (venom)
rCold    . . .     Gourm    .   (no shield)
rNeg     . . .     Faith    .   a - +0 robe
rPois    .         Spirit   .   b - +0 hat
rElec    .         Reflect  .   (no cloak)
rCorr    .         Harm     .   g - +0 pair of gloves
MR       .....                  (no boots)
Stlth    ++........             (no amulet)
HPRegen  0.06/turn              (no ring)
MPRegen  0.13/turn              (no ring)

@: no status effects
A: no striking features
a: no special abilities


You were on level 2 of the Dungeon.
You were not hungry.

You visited 1 branch of the dungeon, and saw 3 of its levels.

You collected 131 gold pieces.

Inventory:

Hand Weapons
 c - a +0 dagger of venom (weapon)
Armour
 a - a +0 robe (worn)
 b - a +0 hat (worn)
 g - a +0 pair of gloves (worn)
Scrolls
 e - a scroll of enchant armour {unknown}
 h - 3 scrolls of identify {unknown}
 i - 2 scrolls of fog {unknown}
 l - a scroll of blinking {unknown}
 m - a scroll of magic mapping {unknown}
 o - a scroll of teleportation {unknown}
Potions
 f - a potion of curing {unknown}
 j - a potion of degeneration {unknown}
 k - a potion of magic {unknown}
 p - 3 potions of might {unknown}
 q - a potion of heal wounds {unknown}
Comestibles
 d - 5 rations
 n - a chunk of flesh


   Skills:
 - Level 2.4 Dodging
 - Level 2.4 Stealth
 + Level 5.5 Spellcasting
 * Level 2.4 Conjurations
 + Level 1.6 Hexes
   Level 1.1 Summonings
 + Level 1.6 Translocations


You had 8 spell levels left.
You knew the following spells:

 Your Spells              Type           Power        Failure   Level  Hunger
a - Magic Dart            Conj           ###.         3%          1    None
b - Blink                 Tloc           N/A          7%          2    None
c - Slow                  Hex            ##......     7%          2    None

Your spell library contained the following spells:

 Spells                   Type           Power        Failure   Level  Hunger
 Call Imp                 Summ           ##......     9%          2    None
 Conjure Flame            Conj/Fire      ##......     16%         3    ##.....
 Mephitic Cloud           Conj/Pois/Air  ##......     19%         3    ##.....


Dungeon Overview and Level Annotations

Branches:
Dungeon (3/15)

Altars:
Okawaru
Qazlal

Annotations:
D:2 Robin


Message History

You kill the leopard gecko!
The quokka misses you.
Casting: Magic Dart (safe; 3% risk of failure)
Confirm with . or Enter, or press ? or * to list all spells.
Aiming: Magic Dart (safe; 3% risk of failure)
Press: ? - help, Shift-Dir - straight line, f - quokka
Aim: a quokka (lightly wounded)
The magic dart hits the quokka.
The quokka is lightly wounded.
The quokka misses you.
Casting: Magic Dart (safe; 3% risk of failure)
Confirm with . or Enter, or press ? or * to list all spells.
Aiming: Magic Dart (safe; 3% risk of failure)
Press: ? - help, Shift-Dir - straight line, f/p - quokka
Aim: a quokka (lightly wounded)
The magic dart hits the quokka.
The quokka is almost dead.
Robin shouts!
The quokka bites you.
You die...

#)##
#................#.........
#..#
#.......#.♣.♣.#..#.........
##.#
#..........................
#.###.#####.########.#.........
##.##..# #.# #.##........
#.....## #.#### #.###.....#.
#.#.### #....# #.# ###.####
#.#.# ####†# #.# ###.###
##.#.### #@# #.# #.....#
...#...# #r#####.###.....#
.#####.# #..#......#.....# ##
#.# ##.#.<....#.....# # #.#
#........#.....# ## ###.##
##.......#.....# .# #....#
#.......#.....# .# #....#
#..g#.........# .# #....#
##..#...##.....#


You could see Robin and a quokka.

Vanquished Creatures
  An adder (D:2)
  A worm (D:2)
  2 dart slugs
  2 leopard geckos (D:2)
  2 ball pythons (D:1)
  12 goblins
  9 hobgoblins
  3 quokkas (D:2)
  2 bats (D:1)
  2 frilled lizards
  2 kobolds (D:1)
  7 rats
45 creatures vanquished.

Notes
Turn   | Place    | Note
-------+----------+-------------------------------------------
     0 | D:1      | Lauz the Deep Elf Wizard began the quest for the Orb.
     0 | D:1      | Reached XP level 1. HP: 10/10 MP: 7/7
   500 | D:1      | Reached skill level 5 in Spellcasting
   500 | D:1      | Reached XP level 2. HP: 15/15 MP: 2/10
   504 | D:1      | Learned a level 2 spell: Blink
   518 | D:1      | Learned a level 2 spell: Slow
  1462 | D:2      | Found an iron altar of Okawaru.
  1817 | D:2      | Reached XP level 3. HP: 19/19 MP: 8/11
  1820 | D:2      | Reached skill level 1 in Hexes
  2409 | D:2      | Found a stormy altar of Qazlal.
  2693 | D:2      | Noticed Robin
  2699 | D:2      | Slain by a quokka

Skill      XL: |  1  2  3 |
---------------+----------+-----
Spellcasting   | 5 |  5.5
Conjurations   | 2 |  2.4
Hexes          | 1 |  1.6
Dodging        | |  2.4
Stealth        | |  2.4
Summonings     | |  1.1
Translocations | |  1.6

Action                   || total
-------------------------++-------
Melee: Dagger            ||     4
 Cast: Magic Dart        ||   147
       Slow              ||     7
       Blink             ||     2
  Eat: Ration            ||     1
       Chunk             ||     2
Armor: Robe              ||     2
Dodge: Dodged            ||    21
